Map: Romanticide LE

Players

Serral

  • Race: Zerg Zerg
  • Spawn Location: 11:00

Dark - Winner!

  • Race: Zerg Zerg
  • Spawn Location: 5:00

Event: TSL 6

VOD

Have the link to the VOD?

Description

Time

  • Played on: Dec. 12, 2020, 1:42 p.m.
  • Length: 12:08

All games in this series

Show
View Real Time Build Order
Export as new Build Order

Serral Zerg 

Build Orders: Hatch First 

Get SALT Encoding   

  12  0:00  Drone  
  13  0:12  Overlord  
  13  0:17  Drone  
  14  0:30  Drone  
  14  0:31  Drone  
  16  0:48  Hatchery  
  15  0:51  Drone  
  15  0:54  Drone  
  17  0:57  Drone  
  18  1:08  Extractor  
  17  1:13  Spawning Pool  
  17  1:17  Drone  
  17  1:19  Drone  
  18  1:27  Drone  
  19  1:38  Drone  
  20  1:49  Drone  
  21  1:59  Overlord  
  21  2:00  Queen x2  
  21  2:01  Zergling x2  
  26  2:09  Metabolic Boost  
  26  2:11  Drone x2  
  28  2:21  Drone x2  
  30  2:32  Hatchery  
  30  2:35  Drone  
  30  2:38  Drone  
  30  2:43  Queen  
  33  2:50  Baneling Nest  
  32  2:53  Overlord  
  32  2:57  Drone  
  32  2:58  Drone  
  34  3:00  Drone  
  35  3:09  Drone  
  35  3:11  Drone x3  
  39  3:14  Drone  
  39  3:16  Overlord  
  40  3:20  Zergling x2  
  40  3:21  Zergling x2  
  40  3:24  Drone  
  40  3:26  Zergling x2  
  44  3:32  Evolution Chamber  
  44  3:33  Zergling x2  
  44  3:37  Drone  
  44  3:39  Drone x2  
  44  3:41  Drone  
  48  3:44  Drone x2  
  50  3:49  Lair  
  50  3:51  Extractor  
  50  3:53  Zergling x2  
  50  3:54  Drone x3  
  52  3:57  Overlord  
  52  4:01  Overlord  
  52  4:04  Zerg Missile Weapons Level 1  
  52  4:06  Drone  
  52  4:08  Drone  
  54  4:11  Drone  
  54  4:12  Drone x2  
  57  4:18  Extractor, Roach Warren, Drone  
  56  4:24  Baneling  
  56  4:26  Drone x2  
  56  4:27  Overlord  
  56  4:28  Drone  
  56  4:30  Drone  
  56  4:31  Drone  
  60  4:32  Drone  
  60  4:35  Extractor, Drone x2  
  60  4:37  Drone  
  63  4:38  Drone  
  63  4:40  Drone  
  63  4:41  Drone  
  66  4:50  Spire, Drone x2  
  66  4:52  Extractor  
  66  4:53  Extractor, Drone  
  66  4:54  Drone  
  66  4:55  Drone  
  66  4:59  Overlord  
  69  5:00  Drone x2  
  69  5:01  Overseer  
  69  5:04  Drone x2  
  69  5:06  Glial Reconstitution  
  72  5:09  Overlord  
  72  5:11  Drone  
  73  5:21  Overlord  
  73  5:24  Drone x3  
  73  5:26  Roach  
  73  5:27  Roach x2  
  82  5:29  Overlord  
  82  5:31  Overlord  
  82  5:34  Drone  
  83  5:36  Overlord  
  83  5:46  Hatchery  
  82  5:55  Overlord  
  81  6:01  Roach  
  81  6:02  Corruptor x5  
  93  6:07  Baneling  
  93  6:09  Corruptor x2  
  97  6:13  Corruptor x2  
  101  6:20  Roach x3  
  107  6:26  Zerg Flyer Armor Level 1  
  107  6:27  Overlord  
  107  6:33  Corruptor  
  107  6:35  Overlord x2  
  107  6:36  Roach x2  
  107  6:39  Baneling  
  113  6:41  Drone  
  113  6:42  Drone x4  
  113  6:44  Overlord  
  117  6:49  Corruptor  
  117  6:50  Corruptor  
  120  6:57  Roach  
  120  6:58  Roach x3  
  127  7:03  Extractor  
  127  7:04  Corruptor  
  127  7:06  Extractor  
  127  7:07  Spore Crawler  
  126  7:10  Corruptor  
  126  7:13  Drone x4  
  126  7:14  Drone x2  
  126  7:15  Overlord  
  134  7:19  Zergling x2  
  134  7:22  Corruptor x2  
  135  7:26  Overlord  
  135  7:28  Overlord  
  139  7:30  Corruptor  
  139  7:37  Roach x3  
  147  7:44  Corruptor x2  
  147  7:48  Burrow  
  151  7:51  Corruptor  
  151  7:58  Corruptor  
  153  7:59  Corruptor  
  153  8:02  Overlord x3  
  157  8:07  Corruptor  
  157  8:10  Overlord  
  159  8:16  Spore Crawler  
  159  8:17  Corruptor x2  
  162  8:20  Spore Crawler  
  162  8:24  Zerg Flyer Weapons Level 1  
  161  8:28  Corruptor x2  
  165  8:36  Roach x5  
  165  8:39  Queen  
  174  8:46  Roach x10  
  182  8:48  Tunneling Claws  
  182  8:51  Roach x2  
  182  8:54  Roach  
  188  8:57  Roach x2  
  188  8:59  Roach  
  182  9:03  Roach x2  
  182  9:04  Roach x2  
  182  9:08  Corruptor x3, Roach  
  188  9:10  Roach x3  
  182  9:17  Corruptor x3  
  182  9:20  Roach  
  182  9:22  Roach  
  192  9:25  Roach x2  
  192  9:26  Roach  
  192  9:29  Roach  
  200  9:34  Zerg Ground Armor Level 1  
  200  9:37  Roach x4  
  196  9:40  Corruptor  
  198  9:46  Roach  
  198  9:47  Hatchery  
  199  9:52  Roach  
  191  10:08  Roach x9  
  191  10:11  Roach x4  
  183  10:16  Infestation Pit  
  183  10:18  Corruptor x8  
  198  10:26  Roach  
  196  10:35  Roach  
  196  10:36  Roach x6  
  196  10:51  Corruptor x4  
  196  10:53  Roach x8  
  196  10:55  Roach x8  
  176  10:58  Corruptor  
  176  10:59  Corruptor  
  158  11:08  Corruptor  
  158  11:09  Corruptor  
  146  11:17  Corruptor x2  
  146  11:19  Roach x4  
  146  11:25  Spore Crawler  
  133  11:27  Queen x5  
  133  11:28  Extractor  
  133  11:30  Extractor  
  133  11:31  Corruptor  
  133  11:32  Corruptor  
  143  11:34  Roach  
  145  11:41  Spore Crawler  
  145  11:44  Spore Crawler  
  145  11:45  Roach x2  
  141  11:48  Roach  
Show
View Real Time Build Order
Export as new Build Order

Dark Zerg - Winner!

Build Orders: Hatch First 

Get SALT Encoding   

  12  0:00  Drone  
  13  0:12  Overlord  
  13  0:16  Drone  
  14  0:30  Drone  
  14  0:31  Drone  
  16  0:48  Hatchery  
  15  0:51  Drone  
  15  0:55  Drone  
  17  1:00  Drone  
  18  1:09  Extractor  
  17  1:15  Spawning Pool  
  17  1:16  Drone  
  17  1:19  Drone  
  18  1:28  Drone  
  19  1:38  Drone  
  20  1:50  Drone  
  21  2:02  Queen x2, Drone x2  
  27  2:11  Overlord  
  27  2:13  Drone, Metabolic Boost  
  28  2:29  Drone x2  
  30  2:33  Hatchery  
  30  2:35  Zergling x2  
  30  2:37  Drone  
  30  2:44  Queen  
  33  2:52  Baneling Nest  
  33  2:56  Overlord  
  32  2:58  Drone  
  32  2:59  Drone  
  32  3:02  Drone  
  32  3:04  Zergling x2  
  36  3:16  Drone x5  
  41  3:21  Overlord  
  41  3:24  Zergling x2  
  41  3:25  Zergling x2  
  43  3:27  Drone  
  44  3:35  Lair  
  44  3:37  Extractor  
  44  3:40  Drone x2  
  45  3:45  Drone x4  
  45  3:48  Drone x2  
  51  3:52  Drone x2  
  53  4:02  Drone  
  54  4:03  Roach Warren, Evolution Chamber  
  54  4:04  Extractor  
  54  4:05  Extractor  
  54  4:06  Drone x2  
  54  4:09  Drone  
  54  4:10  Drone  
  54  4:14  Overlord  
  54  4:20  Drone x3  
  54  4:22  Baneling  
  57  4:24  Drone  
  57  4:31  Overlord  
  57  4:35  Spire  
  57  4:38  Drone  
  57  4:40  Drone x4  
  57  4:42  Zerg Melee Weapons Level 1  
  57  4:43  Drone  
  57  4:45  Drone  
  63  4:47  Drone x2  
  65  4:59  Drone x2  
  68  5:00  Extractor x2, Drone  
  68  5:04  Zergling x4  
  68  5:05  Zergling x4, Drone  
  68  5:06  Drone x3  
  74  5:11  Overlord  
  74  5:12  Overlord  
  74  5:30  Drone x4  
  74  5:31  Drone x3  
  74  5:33  Overlord  
  80  5:36  Baneling  
  80  5:38  Hatchery  
  79  5:46  Mutalisk x4  
  79  5:47  Mutalisk  
  79  5:48  Zerg Flyer Weapons Level 1  
  79  5:49  Overlord  
  89  5:54  Mutalisk x2  
  93  5:58  Mutalisk x2  
  97  6:06  Overlord  
  97  6:07  Overlord  
  97  6:08  Overlord  
  97  6:09  Mutalisk  
  99  6:14  Mutalisk x2  
  99  6:18  Drone x3  
  106  6:20  Overlord  
  106  6:21  Overlord  
  106  6:30  Drone x2  
  106  6:31  Drone x5  
  113  6:35  Overlord  
  113  6:36  Overlord  
  113  6:41  Hatchery  
  113  6:46  Mutalisk x3  
  116  6:53  Extractor  
  116  6:56  Extractor, Mutalisk x4  
  116  6:59  Drone x2  
  116  7:00  Drone x2  
  125  7:06  Spore Crawler x2  
  123  7:10  Mutalisk x2  
  127  7:17  Zergling x16, Drone  
  136  7:23  Spore Crawler  
  136  7:24  Mutalisk x3  
  141  7:30  Mutalisk  
  141  7:33  Drone x2  
  141  7:35  Drone  
  141  7:36  Overlord, Extractor x2  
  144  7:40  Mutalisk x2  
  144  7:43  Spore Crawler  
  147  7:44  Drone x2  
  147  7:47  Zerg Flyer Weapons Level 2  
  147  7:49  Spore Crawler  
  148  7:55  Mutalisk  
  148  7:58  Drone x2  
  149  8:00  Drone  
  149  8:03  Mutalisk  
  149  8:04  Mutalisk  
  152  8:09  Mutalisk x2  
  152  8:11  Zergling x12  
  152  8:12  Zergling x2  
  162  8:20  Mutalisk x3  
  162  8:24  Zergling x8  
  162  8:26  Overlord  
  171  8:39  Overlord  
  170  8:43  Overlord  
  170  8:44  Overlord  
  170  8:47  Overlord  
  170  8:52  Spore Crawler  
  167  8:57  Mutalisk  
  167  8:58  Mutalisk x8  
  170  9:06  Mutalisk  
  170  9:07  Mutalisk x2  
  176  9:12  Zergling x4  
  176  9:13  Zergling x8  
  176  9:15  Overseer  
  180  9:20  Drone x5  
  185  9:27  Overlord  
  185  9:30  Overlord  
  185  9:31  Drone x5  
  186  9:33  Drone  
  187  9:40  Mutalisk  
  187  9:41  Overlord  
  187  9:45  Overlord  
  189  9:46  Mutalisk x2  
  189  9:50  Drone  
  194  9:53  Mutalisk  
  196  10:03  Zerg Flyer Armor Level 1, Mutalisk x2  
  182  10:14  Mutalisk x5  
  182  10:15  Mutalisk x2  
  182  10:18  Overseer  
  194  10:22  Drone x3  
  194  10:23  Zergling x6  
  194  10:26  Mutalisk  
  194  10:28  Spine Crawler  
  199  10:34  Zergling x4  
  198  10:48  Mutalisk  
  198  10:49  Mutalisk x3  
  199  10:53  Mutalisk x2  
  199  10:55  Mutalisk  
  199  10:56  Zergling x2  
  199  10:57  Zergling x18  
  179  11:00  Mutalisk  
  179  11:01  Zergling x2  
  165  11:08  Mutalisk  
  165  11:10  Overseer  
  159  11:12  Zergling x8  
  159  11:14  Mutalisk  
  164  11:21  Mutalisk  
  166  11:26  Zergling x8  
  166  11:27  Zergling x4  
  166  11:28  Mutalisk  
  174  11:36  Zergling x10  
Tags
 
Add a new tag
Caveats
  • Supply blocks, unpowered buildings, or Contaminate may cause inaccurate times.
  • Supply counts are checked every 10 seconds.